 Dungeon Crawl Stone Soup version 0.31-a0-358-gac0dbeb3ab (webtiles) character file.

Game seed: 13268857730905707114

69473 Gelion the Metamorph (level 14, -1/219 HPs)
             Began as a Troll Shapeshifter on July 26, 2023.
             Was a High Priest of Trog.
             Slain by Jorgrun
             ... wielding a staff of earth
              (15 damage)
             ... on level 1 of the Orcish Mines.
             The game lasted 00:43:55 (16228 turns).

Gelion the Metamorph (Troll Shapeshifter)          Turns: 16228, Time: 00:43:55

Health: -1/219     AC: 14    Str: 26    XL:     14   Next: 90%
Magic:  13/13      EV: 10    Int:  4    God:    Trog [*****.]
Gold:   1255       SH:  0    Dex: 14    Spells: 13/13 levels left

rFire   + .          .
                       - Unarmed
rCold   . . .        (shield currently unavailable)
rNeg    . . .        b - +2 robe {rF+}
rPois   +            B - +2 hat
rElec   .            n - +2 cloak {rCorr}
rCorr   +            (gloves unavailable)
SInv    .            (boots unavailable)
Will    +++..        m - amulet of Intercession {Acrobat rPois Will+ Slay+6} Stlth
                     J - ring of willpower
HPRegen 1.36/turn    H - +4 ring of protection
MPRegen 0.13/turn

%: acrobat
@: berserking, blade hands, very quick
A: large, unfitting armour, claws 3, regeneration 1, shaggy fur 1, tough skin 1
a: Begin Untransformation, Renounce Religion, Berserk, Trog's Hand, Brothers in
Arms


You were on level 1 of the Orcish Mines.
You worshipped Trog.
Trog was extremely pleased with you.
You had blades for hands.
You visited 4 branches of the dungeon, and saw 18 of its levels.
You also visited: Sewer, Ossuary and Bailey.

You collected 2613 gold pieces.
You spent 1358 gold pieces at shops.

Inventory:

Missiles
 f - 3 throwing nets
 K - 10 large rocks
Armour
 b - a +2 robe of fire resistance (worn)
 n - a +2 cloak of preservation (worn)
 y - +0 ice dragon scales
 B - a +2 hat (worn)
Jewellery
 m - the amulet of Intercession (around neck) {Acrobat rPois Will+ Slay+6}
   (You bought it in a shop on level 2 of the Dungeon)

   [amulet of the acrobat]

   It increases your evasion while moving and waiting.
   Slay:      It affects your accuracy & damage with ranged weapons and melee
   (+6).
   rPois:     It protects you from poison.
   Will:      It increases your willpower.
 H - a +4 ring of protection (right blade hand)
 J - a ring of willpower (left blade hand)
Talismans
 k - a talisman of death
 M - a blade talisman
Wands
 j - a wand of light (7)
 p - a wand of digging (1)
 s - a wand of polymorph (23)
 x - a wand of roots (7)
 D - a wand of paralysis (33)
 E - a wand of flame (34)
 I - a wand of mindburst (18)
Scrolls
 a - 3 scrolls of revelation
 d - 2 scrolls of identify
 i - 7 scrolls of teleportation
 l - a scroll of fear
 t - 8 scrolls of fog
 u - 3 scrolls of butterflies
 z - 5 scrolls of enchant armour
 L - a scroll of enchant weapon
 N - a scroll of brand weapon
Potions
 c - a potion of magic
 e - 11 potions of curing
 g - 5 potions of mutation
 h - 3 potions of enlightenment
 o - 5 potions of haste
 q - 5 potions of lignification
 r - 2 potions of ambrosia
 v - 2 potions of might
 w - 3 potions of cancellation
 A - 2 potions of brilliance
 C - 4 potions of invisibility
 G - 2 potions of attraction


   Skills:
 + Level 11.5 Fighting
 - Level 1.5 Dodging
 + Level 13.8 Unarmed Combat
 * Level 16.2 Shapeshifting


You had 13 spell levels left.
You didn't know any spells.
Your spell library contained the following spells:

 Spells                   Type           Power      Damage    Failure   Level
 Apportation              Tloc           0%         N/A       87%         1
 Necrotise                Necr           0%         1d4       87%         1
 Sting                    Tmut/Pois      0%         1d3       87%         1
 Summon Small Mammal      Summ           0%         N/A       87%         1
 Blink                    Tloc           0%         N/A       94%         2
 Lesser Beckoning         Tloc           0%         N/A       94%         2
 Momentum Strike          Conj/Tloc      0%         3d8       94%         2
 Poisonous Vapours        Pois/Air       0%         N/A       94%         2
 Olgreb's Toxic Radiance  Pois           0%         N/A       100%        4


Dungeon Overview and Level Annotations

Branches:
Dungeon (11/15)            Temple (1/1) D:6            Lair (5/5) D:10
 Shoals (0/4) Lair:3       Spider (0/4) Lair:3        Slime (0/5) Lair:4
    Orc (1/2) D:11          Sewer (visited)         Ossuary (visited)
 Bailey (visited)

Altars:
Ashenzari
Cheibriados
Dithmenos
Elyvilon
Fedhas
Gozag
Hepliaklqana
Kikubaaqudgha
Makhleb
Nemelex Xobeh
Okawaru
Qazlal
Ru
Sif Muna
Trog
Uskayaw
Vehumet
Wu Jian
Xom
Yredelemnul
Zin
The Shining One
Jiyva

Shops:
D:2 =   D:7 *:[

Annotations:
Orc:1 Jorgrun


Innate Abilities, Weirdness & Mutations

You have blades for hands.
Your spellcasting is less reliable in this form.
You are incapable of wielding weapons or throwing items.
You are too large for most types of armour.
You have claws for hands.
Your natural rate of healing is unusually fast.
You are covered in fur. (AC +1)
You have tough skin. (AC +1)


Message History

You hear a shout! x2
Jorgrun hits you but does no damage. Jorgrun misses you.
An orc comes into view. It is wielding a +0 hand axe.
You hit Jorgrun.
Jorgrun is lightly wounded.
You miss Jorgrun.
Jorgrun is lightly wounded.
Jorgrun says, "May tha earth consume ye!"
Jorgrun hits you with a staff of earth. Jorgrun hits you with a staff of earth!
Jorgrun shatters you.
An orc warrior comes into view. It is wielding a +0 war axe.
You slice Jorgrun!!
Jorgrun is moderately wounded.
Jorgrun hits you with a staff of earth! Jorgrun shatters you!
Jorgrun hits you with a staff of earth. Jorgrun shatters you!
The orc hits you but does no damage.
You barely miss Jorgrun.
Jorgrun is moderately wounded.
Jorgrun hits you with a staff of earth! Jorgrun shatters you!
Jorgrun hits you with a staff of earth. Jorgrun shatters you!!
* * * LOW HITPOINT WARNING * * *
The orc barely misses you.
You are too injured to fight recklessly!
A red film seems to cover your vision as you go berserk!
You feel yourself moving faster!
You feel mighty! Jorgrun hits you with a staff of earth!
* * * LOW HITPOINT WARNING * * *
Jorgrun shatters you.
* * * LOW HITPOINT WARNING * * *
Jorgrun hits you with a staff of earth!
* * * LOW HITPOINT WARNING * * *
The orc hits you but does no damage.
You shred Jorgrun!!!
Jorgrun is severely wounded.
You slice Jorgrun!!
Jorgrun is almost dead.
Jorgrun hits you with a staff of earth.
* * * LOW HITPOINT WARNING * * *
Jorgrun shatters you!
You die...

#......#
.....###).)...#
.....#.<.....#
....##)).....#
...o.....)...#
##.........###
#.o.......# #og.....###
####@.......#
##...........##
###.#...........##
##................#
##........##......#####
#........######.......#
##>......# ###....#..##
#.......###.....#####
##.##....#......##


You could see Jorgrun, an orc warrior and 2 orcs.

Vanquished Creatures
  An orc warlord (Bailey)
  Nessos (Lair:3)
  The ghost of bobarctor the Brawler, a journeyman TrBe of Trog (Lair:5)
  Fannar (D:10)
  16 death yaks
  3 hydras
  Erica (Lair:1)
  5 catoblepae
  2 two-headed ogres
  2 boulder beetles
  Sonja (Lair:1)
  An orc high priest (D:11)
  2 spriggans (Lair:5)
  2 skysharks
  Pikel (D:7)
  A lindwurm (Lair:2)
  2 orc knights
  An orc sorcerer (D:11)
  2 manticores (Lair:5)
  A cyclops (D:11)
  2 oklob plants (Lair:3)
  8 elephants
  The ghost of randomguy2701 the Cleaver, a novice HOMo (D:5)
  5 black mambas
  11 cane toads
  An unseen horror (D:11)
  4 komodo dragons
  2 rime drakes
  5 trolls
  4 polar bears
  3 hornets
  10 blink frogs
  A snapping turtle (Lair:3)
  34 yaks
  A shadow (D:11)
  12 wyverns
  4 steam dragons
  3 wraiths
  3 basilisks
  3 wargs (D:11)
  A two-headed ogre zombie (D:11)
  An acid dragon (D:11)
  14 water moccasins
  Duvessa (D:6)
  9 orc warriors
  An ice beast (D:5)
  3 sky beasts
  A boggart (Lair:5)
  5 black bears
  2 centaurs
  3 ogres
  16 wolves
  4 lemures (D:7)
  2 phantoms
  8 kobold brigands
  A scorpion (D:10)
  8 bullfrogs
  A water moccasin zombie (D:4)
  21 wights
  3 troll zombies (D:11)
  Dowan (D:6)
  11 killer bees
  2 electric eels (D:8)
  3 howler monkeys
  2 centaur zombies (Ossuary)
  6 hounds
  5 orc priests
  Crazy Yiuf (D:2)
  3 jellies
  4 gnoll boudas
  4 iguanas
  3 sleepcaps
  Terence (D:3)
  Natasha (thrice) (D:3)
  14 orc wizards
  4 ogre zombies (D:11)
  A hound skeleton (D:4)
  11 gnolls
  7 adders
  2 shadow imps
  2 adder zombies
  An adder skeleton (D:4)
  5 worms
  2 dart slugs
  38 orcs
  7 endoplasms
  7 giant cockroaches
  13 goblins
  15 hobgoblins
  10 jackals
  3 quokkas
  17 ball pythons
  8 bats
  2 frilled lizards
  3 goblin skeletons (D:11)
  A goblin zombie (D:11)
  5 hobgoblin skeletons
  6 hobgoblin zombies
  55 kobolds
  3 orc skeletons (D:11)
  11 orc zombies
  8 rats
579 creatures vanquished.

Vanquished Creatures (others)
  An orc wizard (Orc:1)
1 creature vanquished.

Grand Total: 580 creatures vanquished

Notes
Turn   | Place    | Note
-------+----------+-------------------------------------------
     0 | D:1      | Gelion the Troll Shapeshifter began the quest for the Orb.
     0 | D:1      | Reached XP level 1. HP: 18/18 MP: 0/0
   133 | D:1      | Reached skill level 1 in Fighting
   169 | D:1      | Reached XP level 2. HP: 26/27 MP: 1/1
  1091 | D:2      | Reached XP level 3. HP: 33/33 MP: 2/2
  1391 | D:2      | Found Guicavouq's Jewellery Boutique.
  1466 | D:2      | Found a runed translucent door.
  1467 | D:2      | Noticed Crazy Yiuf
  1637 | D:2      | Killed Crazy Yiuf
  1638 | D:2      | Reached XP level 4. HP: 9/41 MP: 3/3
  1893 | D:3      | Found a glowing drain.
  1909 | Sewer    | Entered a sewer
  2014 | Sewer    | Noticed a kobold brigand
  2014 | Sewer    | Noticed a kobold brigand
  2017 | Sewer    | Reached skill level 4 in Shapeshifting
  2032 | Sewer    | Killed a kobold brigand
  2033 | Sewer    | Reached XP level 5. HP: 49/49 MP: 4/4
  2106 | Sewer    | Reached XP level 6. HP: 38/59 MP: 5/5
  2290 | D:3      | Noticed Natasha
  2295 | D:3      | Killed Natasha
  2438 | D:3      | Noticed Natasha
  2444 | D:3      | Killed Natasha
  2445 | D:3      | Reached skill level 5 in Shapeshifting
  2571 | D:3      | Noticed Terence
  2571 | D:3      | Noticed Natasha
  2576 | D:3      | Killed Natasha
  2602 | D:3      | Killed Terence
  2732 | D:4      | Reached XP level 7. HP: 67/67 MP: 6/6
  2805 | D:4      | Reached skill level 5 in Unarmed Combat
  3164 | D:4      | Found a radiant altar of Vehumet.
  3322 | D:4      | Reached skill level 6 in Shapeshifting
  3784 | D:5      | Entered Level 5 of the Dungeon
  3960 | D:5      | Found a runed translucent gate.
  3960 | D:5      | Found a runed translucent gate.
  3961 | D:5      | Found a runed translucent gate.
  3983 | D:5      | Noticed randomguy2701's ghost (novice HOMo)
  4103 | D:5      | Reached XP level 8. HP: 78/78 MP: 7/7
  4322 | D:5      | Found a glowing golden altar of the Shining One.
  4324 | D:5      | Found a glowing silver altar of Zin.
  4328 | D:5      | Found a white marble altar of Elyvilon.
  4409 | D:5      | Reached skill level 7 in Shapeshifting
  4839 | D:5      | Reached skill level 10 in Shapeshifting
  4839 | D:5      | Reached XP level 9. HP: 54/92 MP: 8/8
  4844 | D:5      | Killed randomguy2701's ghost
  4845 | D:5      | Reached XP level 10. HP: 57/100 MP: 9/9
  5054 | D:6      | Noticed a two-headed ogre
  5062 | D:6      | Killed a two-headed ogre
  5113 | D:6      | Found a staircase to the Ecumenical Temple.
  5145 | Temple   | Entered the Ecumenical Temple
  5293 | D:6      | Noticed Duvessa
  5294 | D:6      | Noticed Dowan
  5303 | D:6      | Killed Duvessa
  5317 | D:6      | Killed Dowan
  5457 | D:6      | Found an opulent altar of Gozag.
  5710 | D:7      | Found Plog's Book Shop.
  5798 | D:7      | Noticed Pikel
  5808 | D:7      | Killed Pikel
  5817 | D:7      | Found a flagged portal.
  5825 | D:7      | Found Vifyabodd's Armour Shoppe.
  5829 | Bailey   | Entered a bailey
  5834 | Bailey   | Noticed an orc warlord
  5891 | Bailey   | Noticed an orc knight
  5921 | Bailey   | Killed an orc knight
  5941 | Bailey   | Found a runed translucent gate.
  5941 | Bailey   | Found a runed translucent gate.
  5941 | Bailey   | Found a runed translucent gate.
  6081 | Bailey   | Killed an orc warlord
  6082 | Bailey   | Reached skill level 11 in Shapeshifting
  6166 | D:7      | Found a snail-covered altar of Cheibriados.
  6197 | D:7      | Found Jyaqaklo's Assorted Antiques.
  6221 | D:7      | Found Nenan's Distillery.
  6230 | D:7      | Found a sand-covered staircase.
  6241 | Ossuary  | Entered an ossuary
  6304 | Ossuary  | Reached XP level 11. HP: 61/102 MP: 10/10
  6699 | D:7      | Found a blossoming altar of Fedhas.
  6734 | D:7      | Found a bloodstained altar of Trog.
  6750 | D:7      | Became a worshipper of Trog the Wrathful
  6805 | D:7      | Found an ancient bone altar of Kikubaaqudgha.
  6847 | D:7      | Reached skill level 10 in Unarmed Combat
  6847 | D:7      | Reached skill level 12 in Shapeshifting
  6847 | D:7      | Reached XP level 12. HP: 114/114 MP: 11/11
  7438 | D:8      | You fall into a shaft and drop 2 floors!
  7438 | D:10     | Entered Level 10 of the Dungeon
  7513 | D:10     | Reached * piety under Trog
  7586 | D:8      | Found a transporter.
  7641 | D:8      | Found a transporter.
  7928 | D:9      | Paralysed by a hornet for 2 turns
  8004 | D:9      | Found an ornate altar of the Wu Jian Council.
  8211 | D:9      | Identified a scroll of acquirement
  8211 | D:9      | Acquired 890 gold pieces
  8389 | D:2      | Bought the amulet of Intercession {Acrobat rPois Will+
                  | Slay+6} for 1008 gold pieces
  8389 | D:2      | Bought a ring of willpower for 350 gold pieces
  8955 | D:9      | Reached skill level 13 in Shapeshifting
  9133 | D:10     | Found a staircase to the Lair.
  9149 | D:10     | Reached ** piety under Trog
  9343 | D:10     | Noticed a two-headed ogre
  9353 | D:10     | Killed a two-headed ogre
  9674 | D:10     | Noticed Fannar
  9681 | D:10     | Killed Fannar
  9982 | D:11     | Found a staircase to the Orcish Mines.
 10008 | D:11     | Reached *** piety under Trog
 10175 | D:11     | Noticed a boulder beetle
 10185 | D:11     | Killed a boulder beetle
 10186 | D:11     | Reached XP level 13. HP: 130/131 MP: 12/12
 10356 | D:11     | Reached **** piety under Trog
 10590 | Lair:1   | Entered Level 1 of the Lair of Beasts
 11119 | Lair:1   | Noticed Erica
 11123 | Lair:1   | Killed Erica
 11154 | Lair:1   | Noticed Sonja
 11160 | Lair:1   | Killed Sonja
 11161 | Lair:1   | Reached skill level 14 in Shapeshifting
 11882 | Lair:2   | Reached skill level 10 in Fighting
 12562 | Lair:3   | Found a hole to the Spider Nest.
 12771 | Lair:3   | You fall into a shaft and drop 1 floor!
 13007 | Lair:3   | Found a bloodstained altar of Trog.
 13046 | Lair:3   | Reached ***** piety under Trog
 13230 | Lair:3   | Noticed Nessos
 13243 | Lair:3   | Killed Nessos
 13415 | Lair:3   | Found a staircase to the Shoals.
 13575 | Lair:4   | Reached XP level 14. HP: 144/144 MP: 13/13
 13578 | Lair:4   | Reached skill level 15 in Shapeshifting
 13944 | Lair:4   | Found a staircase to the Slime Pits.
 13948 | Lair:4   | Found a viscous altar of Jiyva.
 14151 | Lair:5   | Entered Level 5 of the Lair of Beasts
 14309 | Lair:5   | Found a runed translucent door.
 14315 | Lair:5   | Noticed bobarctor's ghost (journeyman TrBe)
 14649 | Lair:5   | Found a hazy altar of Hepliaklqana.
 14822 | Lair:5   | Found a hide-covered altar of Uskayaw.
 14823 | Lair:5   | Found an ornate altar of the Wu Jian Council.
 15525 | Lair:5   | Reached skill level 16 in Shapeshifting
 15684 | Lair:5   | Identified the +2 spear of the Doomed Warrior {protect,
                  | rElec rPois rN+++ Str-4}
 15709 | Lair:5   | Killed bobarctor's ghost
 15948 | Orc:1    | Entered Level 1 of the Orcish Mines
 16142 | Orc:1    | Received a gift from Trog
 16219 | Orc:1    | Noticed Jorgrun
 16228 | Orc:1    | Slain by Jorgrun

Illustrated notes

Levels and vault maps discovered:
D:1:      psy_arrival_radial02, layout_basic
D:2:      layout_loops_ring, serial_shops, nicolae_shop_just_a_little_nook,
          uniq_crazy_yiuf_cottage
D:3:      minmay_spotlight, layout_loops_ring, cheibrodos_sewer_entry_sluice,
          uniq_terence, uniq_natasha
D:4:      minmay_recursive_quarters, layout_loops_cross,
          mainiacjoe_overflow_cross_hatched, serial_undead, serial_undead_d,
          serial_undead_b, serial_undead_d, serial_undead_b, due_unseen_surprise
D:5:      layout_cave_pods, dreamdust_divine_triumvirate, gammafunk_ghost_split
D:6:      layout_basic, nicolae_overflow_crystal_walls,
          minmay_temple_entry_antechambers, uniq_duvessa
D:7:      layout_loops_ring, marbit_many_paths, mainiacjoe_overflow_paths,
          trog_ov_bears_minmay, lemuel_crystal_altar,
          nicolae_ossuary_entry_ruins, serial_shops, shop, shop,
          nicolae_shop_gibbet_a_chance, shop, enter_bailey_2,
          nicolae_letterblocks [nicolae_letter_subblock,
          nicolae_letter_subblock, nicolae_letter_subblock,
          nicolae_letter_subblock, nicolae_letter_subblock,
          nicolae_letter_subblock, nicolae_letter_subblock,
          nicolae_letter_subblock, nicolae_letter_subblock,
          nicolae_letter_subblock, nicolae_letter_subblock,
          nicolae_letter_subblock, nicolae_letter_subblock,
          nicolae_letter_subblock, nicolae_letter_subblock,
          nicolae_letter_subblock, nicolae_letter_subblock,
          nicolae_letter_subblock, nicolae_letter_subblock,
          nicolae_letter_subblock, nicolae_letter_subblock,
          nicolae_letter_subblock, nicolae_letter_subblock,
          nicolae_letter_subblock, nicolae_letter_subblock], uniq_pikel
D:8:      gammafunk_steamed_eel, layout_cave_pools
D:9:      layout_loops_cross, kennysheep_little_box, minmay_fractal_squares_5
D:10:     layout_loops_cross, minmay_lair_entry_grove,
          kennysheep_opposing_triangles, uniq_fannar
D:11:     layout_basic, zombieorc2_lemuel
Temple:   nicolae_temple_hex_pool
Lair:1:   layout_chaotic_city, uniq_erica, uniq_sonja
Lair:2:   layout_long_grid, st_stairs_10
Lair:3:   layout_long_grid, minmay_shoals_entry_hut,
          spider_nest_entry_web_field, basic_altar, dpeg_oklob_1, uniq_nessos
Lair:4:   layout_small_grid, slime_entry_1
Lair:5:   evilmike_catoblepas_cave, layout_small_grid,
          ebering_ghost_funeral_grove, basic_altar,
          nzn_masters_of_martial_movement
Orc:1:    layout_diamond_mine, uniq_jorgrun

Skill      XL: |  1  2  3  4  5  6  7  8  9 10 11 12 13 14 |
---------------+-------------------------------------------+-----
Fighting       | 1 2 3 6 7 8 9 10 11 | 11.5
Shapeshifting  | 4 5 6 10 11 12 13 14 16 | 16.2
Unarmed Combat | 4 5 8 9 10 11 12 13 | 13.8
Dodging        | |  1.5

Action                     |  1- 3 |  4- 6 |  7- 9 | 10-12 | 13-15 || total
---------------------------+-------+-------+-------+-------+-------++-------
  Melee: Unarmed           |    56 |   204 |   162 |   504 |   508 ||  1434
         Punch             |     1 |     1 |     7 |    34 |    47 ||    90
 Invoke: Berserk           |       |       |       |     3 |     2 ||     5
  Evoke: Wand              |       |       |     1 |     3 |       ||     4
    Use: Scroll            |       |     7 |     8 |    12 |     3 ||    30
         Potion            |       |     1 |     3 |     6 |       ||    10
   Stab: Sleeping          |       |       |     3 |       |     1 ||     4
         Invisible         |       |       |       |     1 |       ||     1
         Distracted        |       |       |       |       |     1 ||     1
 Armour: Animal skin       |    18 |    60 |    34 |    39 |       ||   151
         Skin              |       |    57 |       |       |       ||    57
         Robe              |       |       |       |    56 |   179 ||   235
  Dodge: Dodged            |    16 |   107 |    67 |   251 |   262 ||   703
   Form: Blade             |       |       |       |       |     1 ||     1

Table legend: (Time is in decaauts)
 A = Elapsed time spent in this place.
 B = Non-inter-level travel time spent in this place.
 C = Inter-level travel time spent in this place.
 D = Time resting spent in this place.
 E = Time spent auto-exploring this place.
 F = Levels seen in this place.
 G = Mean time per level.
                   A        B        C        D        E       F      G
               +--------+--------+--------+--------+--------+-----+--------+
         Total |  16008 |  14182 |   1826 |    221 |  10716 |  21 |  762.3 |
       Dungeon |   9763 |   8296 |   1467 |    221 |   6123 |  11 |  887.5 |
        Temple |     60 |      2 |     58 |      0 |      0 |   1 |   60.0 |
          Lair |   5230 |   4930 |    300 |      0 |   4046 |   5 | 1046.0 |
  Orcish Mines |    100 |    100 |      0 |      0 |     64 |   1 |  100.0 |
         Sewer |    295 |    295 |      0 |      0 |    146 |   1 |  295.0 |
       Ossuary |    290 |    290 |      0 |      0 |    190 |   1 |  290.0 |
        Bailey |    267 |    267 |      0 |      0 |    147 |   1 |  267.0 |
               +--------+--------+--------+--------+--------+-----+--------+

Top non-repeatable levels by time:
  Lair:5: 1626 daAuts
     D:5: 1161 daAuts
  Lair:3: 1030 daAuts
     D:3: 969 daAuts
  Lair:2: 935 daAuts
     D:1: 923 daAuts
    D:10: 883 daAuts
  Lair:1: 882 daAuts
     D:2: 877 daAuts
     D:7: 875 daAuts
     D:6: 873 daAuts
     D:4: 872 daAuts
    D:11: 866 daAuts
     D:9: 860 daAuts
  Lair:4: 755 daAuts
